 Dungeon Crawl Stone Soup version 0.30-b1-2-g02819fbbbe (webtiles) character file.

Game seed: 6820360747680583196

39 Mesmaeker13 the Shooter (level 3, 0/29 HPs)
             Began as a Barachi Hunter on July 31, 2023.
             Slain by a river rat (3 damage)
             ... on level 3 of the Dungeon.
             The game lasted 00:02:25 (1033 turns).

Mesmaeker13 the Shooter (Barachi Hunter)            Turns: 1033, Time: 00:02:26

Health: 0/29       AC:  5    Str: 12    XL:     3   Next: 47%
Magic:  3/3        EV: 12    Int:  9    God:
Gold:   49         SH:  0    Dex: 17    Spells: 2/2 levels left

rFire   + . .        f - +0 short sword
rCold   . . .        (no shield)
rNeg    . . .        d - +2 leather armour {rF+}
rPois   .            (no helmet)
rElec   .            (no cloak)
rCorr   .            (no gloves)
SInv    .            (no boots)
Will    .....        (no amulet)
Stlth   ++           (no ring)
HPRegen 0.24/turn    (no ring)
MPRegen 0.08/turn

%: no passive effects
@: slow
A: amphibious, slowness 1, strong legs 1, +LOS
a: Hop


You were on level 3 of the Dungeon.
You visited 1 branch of the dungeon, and saw 3 of its levels.

You collected 49 gold pieces.

Inventory:

Hand Weapons
 a - a +0 shortbow
 f - a +0 short sword (weapon)
Armour
 d - a +2 leather armour of fire resistance (worn)
Scrolls
 b - a scroll of immolation
 e - 2 scrolls of brand weapon


   Skills:
 + Level 3.2 Fighting
 + Level 4.4 Ranged Weapons
 + Level 3.0 Dodging
 - Level 0.8 Stealth


You had 2 spell levels left.
You didn't know any spells.
Your spell library contained the following spells:

 Spells                   Type           Power      Damage    Failure   Level
 Necrotise                Necr           0%         1d4       45%         1
 Vampiric Draining        Necr           0%         2d6       83%         3
 Agony                    Necr           0%         N/A       100%        5


Dungeon Overview and Level Annotations

Branches:
Dungeon (3/15)

Altars:

Portals:
Sewer: D:3


Innate Abilities, Weirdness & Mutations

You are amphibious.
You cover ground slowly.
You can hop short distances.
You have an extended range of vision and can be seen from far away.


Message History

The river rat is heavily wounded.
The river rat bites you!
You hit the river rat.
The river rat is heavily wounded.
The river rat closely misses you.
You barely miss the river rat.
The river rat is heavily wounded.
The river rat bites you.
You hit the river rat but do no damage.
The river rat is heavily wounded.
The river rat barely misses you.
You hit the river rat but do no damage.
The river rat is heavily wounded.
The river rat bites you!
You hit the river rat but do no damage.
The river rat is heavily wounded.
The river rat bites you but does no damage.
You hit the river rat but do no damage.
The river rat is heavily wounded.
The river rat barely misses you.
You barely miss the river rat.
The river rat is heavily wounded.
The river rat bites you!
* * * LOW HITPOINT WARNING * * *
You hit the river rat but do no damage.
The river rat is heavily wounded.
The river rat closely misses you.
You aren't carrying any potions.
Unknown command.
Okay, then.
You aren't carrying any potions.
Unknown command.
You closely miss the river rat.
The river rat is heavily wounded.
The river rat bites you.
* * * LOW HITPOINT WARNING * * *
You completely miss the river rat.
The river rat is heavily wounded.
The river rat bites you.
You die...

#.# ##.#.# #.#
###.#.# #.# #......
#.### #...^..
######...# #......
#......#.###......
#.........##......
#.#######.##......
#@#S~~~~#.........
#r#~~∩~~#.##......
#r†rr~~~#.##......
..#~~~~~#.......#.
#..#######.#######.
#... ... . #..# ###
# #... .(.#


You could see a river rat and a rat.

Vanquished Creatures
  An adder (D:2)
  2 dart slugs (D:1)
  2 orcs (D:3)
  4 endoplasms
  A giant cockroach (D:1)
  A goblin (D:1)
  3 quokkas
  4 ball pythons
  2 bats
  A frilled lizard (D:3)
  2 kobolds (D:1)
  2 rats (D:1)
25 creatures vanquished.

Notes
Turn   | Place    | Note
-------+----------+-------------------------------------------
     0 | D:1      | Mesmaeker13 the Barachi Hunter began the quest for the Orb.
     0 | D:1      | Reached XP level 1. HP: 17/17 MP: 1/1
    97 | D:1      | Reached XP level 2. HP: 23/23 MP: 2/2
   697 | D:2      | Reached XP level 3. HP: 29/29 MP: 3/3
   730 | D:2      | You fall into a shaft and drop 1 floor!
   863 | D:3      | HP: 1/29 [orc/+0 hand axe (7)]
  1001 | D:3      | Found a glowing drain.
  1033 | D:3      | Slain by a river rat

Illustrated notes

Levels and vault maps discovered:
D:1:      dpeg_arrival_erosion, layout_loops_ring, minmay_hexomino_u4
D:2:      layout_basic
D:3:      layout_loops_ring, portal_sewer_entry_c

Skill      XL: |  1  2  3 |
---------------+----------+-----
Fighting       | 3 |  3.2
Dodging        | 3 |  3.0
Ranged Weapons | |  4.4
Stealth        | |  0.8

Action                     || total
---------------------------++-------
  Melee: Short sword       ||    34
   Fire: Shortbow          ||    71
Ability: Hop               ||     1
    Use: Scroll            ||     4
         Potion            ||     2
 Armour: Leather armour    ||     8
  Dodge: Dodged            ||    41
